Workbook

Sheet Business Expenses
A1: BUSINESS EXPENSES SHEET
A2: Professional expense tracker for recording, categorizing and monitoring business spending
A4: S.No. | B4: Date | C4: Expense ID | D4: Category | E4: Description | F4: Vendor | G4: Payment Method | H4: Transaction ID | I4: Department | J4: Amount | K4: Tax (%) | L4: Tax Amount | M4: Total Amount | N4: Status | O4: Notes / Remarks
A5: 1 | B5: 46266 | C5: EXP-0001 | D5: Office Supplies | E5: Printer paper and stationery | F5: Shree Stationers | G5: UPI | H5: xxxxxxxxx | I5: HR | J5: 3200 | K5: 18 | L5: =J5*K5/100 -> 576 | M5: =J5+L5 -> 3776 | N5: Paid | O5: Monthly stationery purchase
A6: 2 | B6: 46267 | C6: EXP-0002 | D6: Travel Expenses | E6: Client meeting travel | F6: Uber India | G6: Corporate Card | I6: Sales | J6: 1750 | K6: 5 | L6: =J6*K6/100 -> 87.5 | M6: =J6+L6 -> 1837.5 | N6: Paid | O6: Local client visit
A7: 3 | B7: 46268 | C7: EXP-0003 | D7: Utilities | E7: Office electricity bill | F7: MPEB | G7: Bank Transfer | I7: Administration | J7: 12400 | K7: 18 | L7: =J7*K7/100 -> 2232 | M7: =J7+L7 -> 14632 | N7: Paid | O7: August electricity
A8: 4 | B8: 46269 | C8: EXP-0004 | D8: Software | E8: Cloud software subscription | F8: Microsoft | G8: Credit Card | H8: xxxxxxxxxx | I8: IT | J8: 6200 | K8: 18 | L8: =J8*K8/100 -> 1116 | M8: =J8+L8 -> 7316 | N8: Paid | O8: Annual productivity tools
A9: 5 | B9: 46270 | C9: EXP-0005 | D9: Marketing | E9: Social media advertising | F9: Meta Ads | G9: Credit Card | I9: Marketing | J9: 160000 | K9: 18 | L9: =J9*K9/100 -> 28800 | M9: =J9+L9 -> 188800 | N9: Paid | O9: Lead generation campaign
A10: 6 | B10: 46271 | C10: EXP-0006 | D10: Rent | E10: Office premises rent | F10: ABC Properties | G10: Bank Transfer | I10: Operations | J10: 35000 | K10: 18 | L10: =J10*K10/100 -> 6300 | M10: =J10+L10 -> 41300 | N10: Paid | O10: Monthly office rent
A11: 7 | B11: 46272 | C11: EXP-0007 | D11: Repairs & Maintenance | E11: Air conditioner servicing | F11: CoolCare Services | G11: Cash | I11: Administration | J11: 3200 | K11: 18 | L11: =J11*K11/100 -> 576 | M11: =J11+L11 -> 3776 | N11: Pending | O11: Invoice awaiting approval
A12: 8 | B12: 46273 | C12: EXP-0008 | D12: Telephone & Internet | E12: Business broadband bill | F12: Airtel Business | G12: UPI | H12: xxxxxxxxxx | I12: IT | J12: 2499 | K12: 18 | L12: =J12*K12/100 -> 449.82 | M12: =J12+L12 -> 2948.82 | N12: Paid | O12: Monthly broadband
A13: 9 | B13: 46274 | C13: EXP-0009 | D13: Professional Fees | E13: Accounting and compliance service | F13: TaxPro Consultants | G13: Bank Transfer | H13: xxxxxxx | I13: Finance | J13: 8500 | K13: 18 | L13: =J13*K13/100 -> 1530 | M13: =J13+L13 -> 10030 | N13: Paid | O13: Monthly accounting support
A14: 10 | B14: 46275 | C14: EXP-0010 | D14: Meals & Entertainment | E14: Business meeting lunch | F14: The Food Court | G14: Corporate Card | I14: Sales | J14: 4500 | K14: 5 | L14: =J14*K14/100 -> 225 | M14: =J14+L14 -> 4725 | N14: Pending | O14: Client meeting expense
A16: Tip: | B16: Enter new expenses in the next blank row; formulas and table formatting can be extended as needed.

Sheet Summary
A1: BUSINESS EXPENSE SUMMARY
A3: Total Expenses | B3: =SUM('Business Expenses'!M5:M979) -> 279141.32 | D3: Expense Category | E3: Total Amount | G3: Status | H3: Total Amount
A4: Total Tax | B4: =SUM('Business Expenses'!L5:L979) -> 41892.32 | D4: Office Supplies | E4: =SUMIF('Business Expenses'!D5:D979,D4,'Business Expenses'!M5:M979) -> 3776 | G4: Paid | H4: =SUMIF('Business Expenses'!N5:N979,G4,'Business Expenses'!M5:M979) -> 270640.32
A5: Paid Expenses | B5: =SUMIF('Business Expenses'!N5:N979,"Paid",'Business Expenses'!M5:M979) -> 270640.32 | D5: Travel | E5: =SUMIF('Business Expenses'!D5:D979,D5,'Business Expenses'!M5:M979) -> 0 | G5: Pending | H5: =SUMIF('Business Expenses'!N5:N979,G5,'Business Expenses'!M5:M979) -> 8501
A6: Pending Expenses | B6: =SUMIF('Business Expenses'!N5:N979,"Pending",'Business Expenses'!M5:M979) -> 8501 | D6: Utilities | E6: =SUMIF('Business Expenses'!D5:D979,D6,'Business Expenses'!M5:M979) -> 14632 | G6: Approved | H6: =SUMIF('Business Expenses'!N5:N979,G6,'Business Expenses'!M5:M979) -> 0
A7: Number of Expenses | B7: =COUNTA('Business Expenses'!C5:C979) -> 10 | D7: Software | E7: =SUMIF('Business Expenses'!D5:D979,D7,'Business Expenses'!M5:M979) -> 7316 | G7: Rejected | H7: =SUMIF('Business Expenses'!N5:N979,G7,'Business Expenses'!M5:M979) -> 0
A8: Average Expense | B8: =IFERROR(AVERAGE('Business Expenses'!M5:M979),0) -> 27914.132 | D8: Marketing | E8: =SUMIF('Business Expenses'!D5:D979,D8,'Business Expenses'!M5:M979) -> 188800 | G8: Reimbursable | H8: =SUMIF('Business Expenses'!N5:N979,G8,'Business Expenses'!M5:M979) -> 0
D9: Rent | E9: =SUMIF('Business Expenses'!D5:D979,D9,'Business Expenses'!M5:M979) -> 41300
D10: Repairs & Maintenance | E10: =SUMIF('Business Expenses'!D5:D979,D10,'Business Expenses'!M5:M979) -> 3776
D11: Telephone & Internet | E11: =SUMIF('Business Expenses'!D5:D979,D11,'Business Expenses'!M5:M979) -> 2948.82
D12: Professional Fees | E12: =SUMIF('Business Expenses'!D5:D979,D12,'Business Expenses'!M5:M979) -> 10030
D13: Meals & Entertainment | E13: =SUMIF('Business Expenses'!D5:D979,D13,'Business Expenses'!M5:M979) -> 4725
D14: Insurance | E14: =SUMIF('Business Expenses'!D5:D979,D14,'Business Expenses'!M5:M979) -> 0
D15: Bank Charges | E15: =SUMIF('Business Expenses'!D5:D979,D15,'Business Expenses'!M5:M979) -> 0
D16: Training | E16: =SUMIF('Business Expenses'!D5:D979,D16,'Business Expenses'!M5:M979) -> 0
D17: Payroll | E17: =SUMIF('Business Expenses'!D5:D979,D17,'Business Expenses'!M5:M979) -> 0
D18: Taxes & Licenses | E18: =SUMIF('Business Expenses'!D5:D979,D18,'Business Expenses'!M5:M979) -> 0
D19: Equipment | E19: =SUMIF('Business Expenses'!D5:D979,D19,'Business Expenses'!M5:M979) -> 0
D20: Other | E20: =SUMIF('Business Expenses'!D5:D979,D20,'Business Expenses'!M5:M979) -> 0
